cohdb
Replays
Latest Replays
All Replays
Popular Replays
Top Player Replays
Match Explorer
How It Works
Community
CoH3 Stats
Reddit
Sign in to upload your games and track your stats! →
Sign in with Steam
Match 47139778
Unlisted
Match 47139778
Overview
Messages
Build Orders
End
Construct Section Command Post
Selects Indian Artillery Battlegroup
Infantry Section
Infantry Section
Infantry Section
Construct Platoon Command Post
ML 3-inch Mortar Team
Humber Armored Car
Construct Field Infirmary
Selects War Cry
Selects Gurkha Rifles Section
Royal Engineer Section
6-pounder Anti-tank Gun Team
Infantry Training
Construct Company Command Post
Gurkha Rifles Section
Matilda II Heavy Tank
Selects Volunteer Infantry
Selects Artillery Saturation
Matilda II Heavy Tank
Royal Engineer Section
6-pounder Anti-tank Gun Team
Grenade Package
Unlock M3 Grant Medium Tanks
Selects Off-map Airburst Barrage
Selects BL5.5 Artillery Emplacement
M3 Grant Medium Tank
M3 Grant Medium Tank
M3 Grant Medium Tank
Off-map Airburst Barrage
M3 Grant Medium Tank
Off-map Airburst Barrage
Royal Engineer Section
M3 Grant Medium Tank
BassAngler5000
STEVEBUSMILK
0
0
Comments
sign in to comment!
No comments posted yet!